 Dungeon Crawl Stone Soup version 0.31-a0-626-g8143ab4f1d (webtiles) character file.

Game seed: 6416678917991011443

3760 heikuro the Cleaver (level 10, -10/55 HPs)
             Began as a Formicid Fighter on Aug 24, 2023.
             Was an Elder of Hepliaklqana.
             Killed from afar by a quicksilver dragon (24 damage)
             ... with a bolt of dispelling energy
             ... on level 3 of the Abyss.
             The game lasted 00:27:07 (7195 turns).

heikuro the Cleaver (Formicid Fighter)              Turns: 7195, Time: 00:27:08

Health: -10/55     AC: 14    Str: 25    XL:     10   Next: 38%
Magic:  0/14       EV:  7    Int:  8    God:    Hepliaklqana [****..]
Gold:   445        SH:  6    Dex: 13    Spells: 9/9 levels left

rFire   . . .        a - +1 war axe (flame)
rCold   . . .        c - +0 buckler
rNeg    . . .        j - +0 plate armour
rPois   .            (helmet unavailable)
rElec   .            (no cloak)
rCorr   .            x - +0 pair of gloves
SInv    +            (no boots)
Will    +....        f - amulet of guardian spirit Stlth
                     e - ring of flight
HPRegen 0.29/turn    (no ring)
MPRegen 0.14/turn

%: guardian spirit
@: flying
A: reduced essence, permanent stasis, dig shafts and tunnels, antennae 3, four
strong arms, mutation resistance 1, sense surroundings 1, [frail 2], [subdued
magic 2]
a: Dig, Shaft Self, Renounce Religion, Recall Ancestor, Ancestor Identity,
Transference, Idealise


You were on level 3 of the Abyss.
You worshipped Hepliaklqana.
Hepliaklqana was greatly pleased with you.
You visited 2 branches of the dungeon, and saw 9 of its levels.
You visited the Abyss 1 time.
You also visited: Bailey.

You collected 445 gold pieces.

Inventory:

Hand Weapons
 a - a +1 war axe of flaming (weapon)
 i - a +2 dagger of flaming
 I - a +1 battleaxe
 N - a +1 heavy broad axe
Missiles
 s - 3 poisoned darts
 z - a throwing net
Armour
 c - a +0 buckler (worn)
 j - a +0 plate armour (worn)
 x - a +0 pair of gloves (worn)
Magical Staves
 F - a staff of poison
Jewellery
 e - a ring of flight (left hand)
 f - an amulet of guardian spirit (around neck)
 m - a ring of ice
 H - a ring of fire
Wands
 q - a wand of acid (11)
 u - a wand of flame (19)
 v - a wand of charming (4)
 O - a wand of roots (5)
Scrolls
 b - a scroll of silence {unknown}
 k - a scroll of enchant weapon {unknown}
 l - a scroll of noise {unknown}
 n - 2 scrolls of vulnerability {unknown}
 o - a scroll of amnesia {unknown}
 p - a scroll of blinking {unknown}
 w - a scroll of identify
 y - a scroll of fear {unknown}
 B - a scroll of poison {unknown}
 D - a scroll of enchant armour {unknown}
 E - a scroll of immolation {unknown}
 G - 2 scrolls of torment {unknown}
 L - a scroll of summoning {unknown}
 M - a scroll of acquirement {unknown}
Potions
 d - a potion of might
 g - 2 potions of heal wounds
 h - a potion of mutation
 r - a potion of lignification
 t - a potion of enlightenment
 A - 4 potions of haste {unknown}
 C - 3 potions of curing {unknown}
 J - a potion of magic {unknown}
Miscellaneous
 K - a lightning rod (4/4)


   Skills:
 + Level 7.3 Fighting
 * Level 8.8 Axes
 + Level 7.3 Armour
 + Level 8.5 Shields
 + Level 6.1 Invocations


You had 9 spell levels left.
You didn't know any spells.
Your spell library contained the following spells:

 Spells                   Type           Power      Damage    Failure   Level
 Apportation              Tloc           0%         N/A       99%         1
 Foxfire                  Conj/Fire      0%         2x1d4     99%         1
 Sandblast                Erth           0%         2d4       99%         1
 Summon Small Mammal      Summ           0%         N/A       99%         1
 Wereblood                Tmut           0%         N/A       100%        2
 Call Canine Familiar     Summ           0%         N/A       100%        3
 Gell's Gravitas          Tloc           0%         N/A       100%        3
 Summon Guardian Golem    Hex/Summ       0%         N/A       100%        3
 Teleport Other           Tloc           0%         N/A       100%        3
 Tukima's Dance           Hex            0%         N/A       100%        3
 Volatile Blastmotes      Fire/Tloc      0%         2d10      100%        3
 Fulminant Prism          Conj/Hex       0%         3d5       100%        4
 Iskenderun's Mystic Bla  Conj/Tloc      0%         2d3       100%        4
 Passage of Golubria      Tloc           0%         N/A       100%        4
 Arcjolt                  Conj/Air       0%         1d10      100%        5
 Irradiate                Conj/Tmut      0%         3d11      100%        5
 Yara's Violent Unravell  Hex/Tmut       0%         3d3       100%        5
 Dispersal                Tloc           0%         N/A       100%        6
 Maxwell's Capacitive Co  Air            0%         ∞         100%        8
 Vhi's Electric Charge    Tloc/Air       Unusable   N/A       N/A         3

Dungeon Overview and Level Annotations

Branches:
Dungeon (8/15)             Temple (1/1) D:6          Bailey (visited)
   Lair: D:8-11

Altars:
Ashenzari
Cheibriados
Dithmenos
Elyvilon
Gozag
Hepliaklqana
Kikubaaqudgha
Makhleb
Nemelex Xobeh
Okawaru
Qazlal
Sif Muna
Trog
Uskayaw
Vehumet
Wu Jian
Yredelemnul
Zin

Annotations:
D:7 3 runed translucent doors, benadryl's ghost, novice BaWr
D:8 Psyche


Innate Abilities, Weirdness & Mutations

Your life essence is reduced to manifest your ancestor. (-10% HP)
You cannot be hasted, slowed, berserked, paralysed or teleported.
You can dig through walls and to a lower floor.
You have a pair of large antennae on your head. (SInv)
Your four strong arms can wield two-handed weapons with a shield.
You are somewhat resistant to further mutation.
You passively map a small area around you.
[You are very frail. (-20% HP)]
[Your spells are easier to cast, but less powerful.]


Message History

Beorhtric hits the lich with a +0 flail.
Beorhtric has departed this plane of existence.
Beorhtric is still trapped in memory!
Unknown command.
Your body is wracked with pain!
A tentacled starspawn comes into view.
The large abomination hits you!!
The large abomination closely misses you.
The large abomination barely misses you.
Found 28 gold pieces and a box of beasts.
The wretched star pulses with an eldritch light!
The large abomination attacks as it pursues you!
You block the large abomination's attack.
A bone dragon comes into view.
The large abomination attacks as it pursues you!
The large abomination barely misses you.
The wretched star pulses with an eldritch light!
You feel frail. x2
A large abomination comes into view.
Found 28 gold pieces.
Something unseen opens the door.
The large abomination attacks as it pursues you!
The large abomination barely misses you.
The lich shouts!
The large abomination barely misses you.
The wretched star pulses with an eldritch light!
The large abomination attacks as it pursues you!
The large abomination hits you!
The large abomination attacks as it pursues you!
The large abomination closely misses you.
The large abomination attacks as it pursues you!
The large abomination hits you.
The large abomination attacks as it pursues you!
The large abomination hits you!
* * * LOW HITPOINT WARNING * * *
The large abomination attacks as it pursues you!
The large abomination hits you but does no damage.
A quicksilver dragon comes into view.
The quicksilver dragon breathes dispelling energy at you.
The bolt of dispelling energy hits you!!
You die...

. # #....X#...
#.#.
#.#{#..#.+.
....# #. X.#
...#
###.##{.#.#...
#....{{..#..
...#....# ..#
#.#..##.## #.
##.X.#.# #.
#..###@.# #
#..# #.......#
##. ##.....#.
. ......# ##
.#.#.## .#.. #
.. #D .. ..


You could see a quicksilver dragon (catching breath) and a large abomination.

Vanquished Creatures
  An orc knight (Bailey)
  A water moccasin (D:7)
  3 orc warriors (Bailey)
  4 black bears
  An ice beast (D:6)
  A centaur (D:7)
  A phantom (D:5)
  2 bullfrogs
  A scorpion (D:6)
  2 wights (D:7)
  2 howler monkeys
  3 hounds
  3 orc priests
  2 sleepcaps
  3 iguanas
  Ijyb (D:3)
  8 orc wizards
  Robin (D:3)
  8 gnolls
  6 adders
  A shadow imp (D:7)
  3 white imps
  An ufetubus (D:6)
  A worm (D:2)
  13 dart slugs
  27 orcs
  8 bats
  7 endoplasms
  A giant cockroach (D:1)
  9 goblins
  10 hobgoblins
  6 kobolds
  A quokka (D:3)
  3 ball pythons
  2 frilled lizards
  8 rats
155 creatures vanquished.

Vanquished Creatures (collateral kills)
  A deep elf pyromancer (Bailey)
  An orc warrior (D:7)
  A black bear (D:6)
  A centaur (D:5)
  A scorpion (D:5)
  A small abomination (Abyss:2)
  3 wights (D:7)
  An orc priest (D:7)
  A sleepcap (D:6)
  A gnoll bouda (D:5)
  3 orc wizards (D:7)
  An adder (D:4)
  2 gnolls (D:5)
  An ufetubus (D:5)
  6 orcs
  2 kobolds
27 creatures vanquished.

Vanquished Creatures (others)
  2 knights
  A lurking horror (Abyss:3)
  2 starspawn tentacles (Abyss:3)
5 creatures vanquished.

Grand Total: 187 creatures vanquished

Notes
Turn   | Place    | Note
-------+----------+-------------------------------------------
     0 | D:1      | heikuro the Formicid Fighter began the quest for the Orb.
     0 | D:1      | Reached XP level 1. HP: 18/18 MP: 1/1
   119 | D:1      | Reached XP level 2. HP: 20/24 MP: 2/2
   320 | D:1      | Reached XP level 3. HP: 29/29 MP: 3/3
   630 | D:1      | Got Lasan's Practicing Casting
   970 | D:2      | Reached XP level 4. HP: 37/37 MP: 4/4
  1601 | D:3      | Reached XP level 5. HP: 34/42 MP: 2/5
  1640 | D:3      | Found a radiant altar of Vehumet.
  1643 | D:3      | Found an opulent altar of Gozag.
  1643 | D:3      | Found a hide-covered altar of Uskayaw.
  1646 | D:3      | Found a hazy altar of Hepliaklqana.
  1686 | D:3      | Became a worshipper of Hepliaklqana the Forgotten
  1705 | D:3      | Reached skill level 5 in Shields
  2015 | D:3      | Noticed Robin
  2030 | D:3      | Killed Robin
  2031 | D:3      | Reached XP level 6. HP: 43/48 MP: 6/6
  2040 | D:3      | Noticed Ijyb
  2062 | D:3      | Killed Ijyb
  2241 | D:4      | Reached skill level 1 in Invocations
  2323 | D:4      | Reached * piety under Hepliaklqana
  2576 | D:4      | Upgraded the game from 0.31-a0-620-gd1cbd99268 to
                  | 0.31-a0-626-g8143ab4f1d
  2658 | D:4      | Found a basalt altar of Yredelemnul.
  2684 | D:4      | Found a glowing silver altar of Zin.
  3034 | D:5      | Entered Level 5 of the Dungeon
  3040 | D:5      | Reached XP level 7. HP: 44/49 MP: 5/8
  3266 | D:5      | Reached ** piety under Hepliaklqana
  3268 | D:5      | Remembered your ancestor Beorhtric as a knight
  3375 | D:5      | Reached skill level 5 in Axes
  3382 | D:5      | Reached skill level 5 in Armour
  3667 | D:5      | Reached skill level 5 in Fighting
  3667 | D:5      | Reached XP level 8. HP: 21/55 MP: 5/10
  4061 | D:5      | Found an iron altar of Okawaru.
  4905 | D:6      | Reached XP level 9. HP: 32/62 MP: 4/12
  5104 | D:6      | Found a staircase to the Ecumenical Temple.
  5109 | Temple   | Entered the Ecumenical Temple
  5344 | D:7      | Found a flagged portal.
  5354 | Bailey   | Entered a bailey
  5469 | Bailey   | Reached *** piety under Hepliaklqana
  5470 | Bailey   | Noticed an orc knight
  5481 | Bailey   | Found a large runed translucent door.
  5481 | Bailey   | Found a large runed translucent door.
  5487 | Bailey   | Reached skill level 5 in Invocations
  5502 | Bailey   | Killed an orc knight
  5685 | Bailey   | Noticed a deep elf pyromancer
  5719 | Bailey   | Gained mutation: You are somewhat resistant to further
                  | mutation. [potion of mutation]
  5719 | Bailey   | Gained mutation: You passively map a small area around you.
                  | [potion of mutation]
  5729 | Bailey   | Killed a deep elf pyromancer
  5730 | Bailey   | Reached XP level 10. HP: 36/71 MP: 9/14
  6053 | D:7      | Found a runed translucent gate.
  6053 | D:7      | Found a runed translucent gate.
  6059 | D:7      | Noticed a kobold demonologist
  6060 | D:7      | Noticed benadryl's ghost (novice BaWr)
  6064 | D:7      | Found a runed translucent gate.
  6723 | D:7      | Found a snail-covered altar of Cheibriados.
  6975 | D:8      | Noticed Psyche
  7048 | Abyss:1  | Cast into level 1 of the Abyss (Psyche)
  7115 | Abyss:2  | Noticed a smoke demon
  7121 | Abyss:2  | Reached **** piety under Hepliaklqana
  7131 | Abyss:3  | Found a corrupted altar of Lugonu.
  7153 | Abyss:3  | Noticed a lich
  7164 | Abyss:3  | Noticed a wretched star
  7165 | Abyss:3  | Noticed a large abomination
  7167 | Abyss:3  | Noticed a large abomination
  7174 | Abyss:3  | Noticed a tentacled starspawn
  7179 | Abyss:3  | Noticed a bone dragon
  7194 | Abyss:3  | Noticed a quicksilver dragon
  7195 | Abyss:3  | Killed from afar by a quicksilver dragon

Illustrated notes

Levels and vault maps discovered:
D:1:      sevenhm_arrival_forest_fort_small_5, layout_basic,
          serial_bayou_pond_a, chequers_serial_rivers_marsh, minivault_23,
          minmay_misc_feat_square
D:2:      layout_basic
D:3:      layout_basic, grunt_temple_overflow_open, minmay_misc_feat_columns,
          minmay_misc_feat_pillars, nicolae_goblin_pals
D:4:      layout_loops_cross, mainiacjoe_overflow_swirl
D:5:      layout_basic, okawaru_altar_gauntlet_db, amcnicky_mini_pool_small,
          kennysheep_another_room
D:6:      layout_rooms, temple_statues
D:7:      layout_basic, kennysheep_mini_moat, enter_bailey_3,
          gammafunk_ghost_nasty_kobolds
D:8:      layout_basic, kennysheep_generic_room_10, uniq_psyche
Temple:   dpeg_chambers_temple
Abyss:3:  base: Temple, hangedman_abyss_or_decor_stabs, minivault_13,
          minivault_13, spicy_abyss_unhelpful_harpoons

Skill      XL: |  1  2  3  4  5  6  7  8  9 10 |
---------------+-------------------------------+-----
Axes           | 3 4 5 6 8 |  8.8
Armour         | 4 5 7 |  7.3
Fighting       | 4 5 7 |  7.3
Shields        | 5 6 8 |  8.5
Invocations    | 1 2 4 5 6 |  6.1

Action                     |  1- 3 |  4- 6 |  7- 9 | 10-12 || total
---------------------------+-------+-------+-------+-------++-------
  Melee: War axe           |    75 |   191 |   196 |    45 ||   507
 Invoke: Ancestor Life: Kn |       |       |     1 |       ||     1
         Ancestor Identity |       |       |     1 |       ||     1
         Recall Ancestor   |       |       |       |     3 ||     3
    Use: Scroll            |       |       |     2 |     2 ||     4
         Potion            |       |       |     2 |       ||     2
   Stab: Distracted        |       |       |     2 |       ||     2
 Armour: Scale mail        |    28 |       |       |       ||    28
         Plate armour      |    22 |   111 |   161 |    28 ||   322
  Dodge: Dodged            |    36 |    61 |    84 |    12 ||   193
  Block: Buckler           |    21 |    47 |    94 |    12 ||   174

Table legend: (Time is in decaauts)
 A = Elapsed time spent in this place.
 B = Non-inter-level travel time spent in this place.
 C = Inter-level travel time spent in this place.
 D = Time resting spent in this place.
 E = Time spent auto-exploring this place.
 F = Levels seen in this place.
 G = Mean time per level.
                   A        B        C        D        E       F      G
               +--------+--------+--------+--------+--------+-----+--------+
         Total |   7334 |   7070 |    264 |    641 |   3138 |  13 |  564.2 |
       Dungeon |   6605 |   6341 |    264 |    470 |   3003 |   8 |  825.6 |
        Temple |      1 |      1 |      0 |      0 |      0 |   1 |    1.0 |
         Abyss |    146 |    146 |      0 |      0 |      0 |   3 |   48.7 |
        Bailey |    581 |    581 |      0 |    171 |    135 |   1 |  581.0 |
               +--------+--------+--------+--------+--------+-----+--------+

Top non-repeatable levels by time:
     D:5: 1396 daAuts
     D:7: 1180 daAuts
     D:2: 867 daAuts
     D:4: 821 daAuts
     D:6: 782 daAuts
     D:1: 777 daAuts
     D:3: 663 daAuts
  Bailey: 581 daAuts
     D:8: 117 daAuts
 Abyss:3: 63 daAuts
 Abyss:2: 54 daAuts
 Abyss:1: 27 daAuts
  Temple: 1 daAuts
